 Dungeon Crawl Stone Soup version 0.24.0-5-g267a8d59f4 (webtiles) character file.

Game seed: 15237457381389350833, levelgen mode: deterministic

64 Aelig the Vexing (level 3, 0/24 HPs)
             Began as a Vampire Enchanter on Nov 1, 2019.
             Slain by a shadow imp (2 damage)
             ... on level 3 of the Dungeon.
             The game lasted 00:07:43 (2089 turns).

Aelig the Vexing (Vampire Enchanter)                Turns: 2089, Time: 00:07:44

Health: 0/24       AC:  4    Str:  6 (7)  XL:     3   Next: 91%
Magic:  3/6        EV: 12    Int: 17 (18) God:
Gold:   117        SH:  0    Dex: 13 (14) Spells: 3/6 levels left

rFire    + . .     SeeInvis +   a - +1 dagger
rCold    + + +     Gourm    .   (no shield)
rNeg     . . .     Faith    .   q - +0 robe
rPois    +         Spirit   .   (no helmet)
rElec    +         Reflect  .   (no cloak)
rCorr    +         Harm     .   (no gloves)
MR       .....                  (no boots)
Stlth    +++.......             (no amulet)
HPRegen  0.28/turn              f - ring of protection from cold
MPRegen  0.10/turn              (no ring)

@: resistant, regenerating quickly, hasted, very quick
A: no food, fangs 3, slimy green scales 1, see invisible, cold resistance 1,
deterioration 1, unbreathing
a: Exsanguinate


You were on level 3 of the Dungeon.
You were alive.

You visited 1 branch of the dungeon, and saw 3 of its levels.

You collected 117 gold pieces.

Inventory:

Hand Weapons
 a - a +1 dagger (weapon)
 b - a +0 rapier
Armour
 q - a +0 robe (worn)
Jewellery
 f - a ring of protection from cold (left hand)
Scrolls
 c - a scroll of teleportation
 d - a scroll of amnesia {unknown}
 i - a scroll of identify {unknown}
 j - a scroll of fear {unknown}
 k - a scroll of enchant armour {unknown}
 l - 2 scrolls of magic mapping {unknown}
 p - a scroll of enchant weapon {unknown}
 r - a scroll of immolation {unknown}
Potions
 g - a potion of haste
 m - a potion of degeneration
 o - a potion of magic {unknown}


   Skills:
 - Level 1.1 Short Blades
 - Level 2.1 Dodging
 - Level 5.5 Stealth
 - Level 2.0 Spellcasting
 + Level 5.7 Hexes
 + Level 1.6 Ice Magic


You had 3 spell levels left.
You knew the following spells:

 Your Spells              Type           Power        Failure   Level  Hunger
a - Corona                Hex            ###....      1%          1    N/A
b - Ensorcelled Hibernat  Hex/Ice        ##....       6%          2    N/A

Your spell library contained the following spells:

 Spells                   Type           Power        Failure   Level  Hunger
 Confuse                  Hex            ###.....     5%          3    N/A
 Tukima's Dance           Hex            ###.....     5%          3    N/A
 Dazzling Spray           Conj/Hex       ##....       19%         3    N/A

Dungeon Overview and Level Annotations

Branches:
Dungeon (3/15)

Altars:


Innate Abilities, Weirdness & Mutations

You do not eat.
Your natural rate of healing is unusually fast.
You have razor-sharp teeth.
You have supernaturally acute eyesight. (SInv)
You can survive without breathing.
You are partially covered in slimy green scales. (AC +2)
Your flesh is cold resistant. (rC+)
Your body sometimes deteriorates upon taking damage.


Message History

The shadow imp stops glowing.
The shadow imp barely misses you.
It was a potion of degeneration.
There was something very wrong with that liquid.
You feel weakened.
You feel dopey.
You feel clumsy. The shadow imp hits you.
* * * LOW HITPOINT WARNING * * *
It was a potion of haste.
You feel yourself speed up. The shadow imp hits you.
* * * LOW HITPOINT WARNING * * *
Press: ? - help, v - describe, . - travel
Here: a shadow imp (heavily wounded)
The floor.
It was a potion of resistance.
You feel protected. The shadow imp barely misses you.
It was a potion of mutation.
You feel extremely strange.
You feel yourself wasting away.
Slimy green scales grow over part of your body.
You feel resistant to cold. The shadow imp hits you.
You die...

#........###............ #%..
#........###.).†........ .# #...
#.........##.................#...
#.........##.†.......###.....#...
#....##+#.##'###########.....#...
##...##...#....# #.........#...
#...####.#....# #.........#..>
##...# #.'....#####.........#...
.#...# #.#.....@5†..†.......#g.#
.#...####.#######............#...
.'%.......# #.....##.....#.#.
.#........# #.....#......'...
.#........# #.....#......#.##
.#........# #.....#.##+#####
.#........# #.......##.#
.#.......## ##.........#
.#.......# #......#####


You could see a shadow imp.

Vanquished Creatures
  2 adders
  An ooze (D:2)
  A worm (D:2)
  A dart slug (D:3)
  An orc (D:3)
  6 bats
  A giant cockroach (D:2)
  8 goblins
  4 hobgoblins
  3 kobolds
  2 ball pythons
  A frilled lizard (D:2)
  4 rats
35 creatures vanquished.

Notes
Turn   | Place    | Note
-------+----------+-------------------------------------------
     0 | D:1      | Aelig the Vampire Enchanter began the quest for the Orb.
     0 | D:1      | Reached XP level 1. HP: 13/13 MP: 3/3
   720 | D:1      | Reached skill level 5 in Stealth
   720 | D:1      | Reached XP level 2. HP: 13/19 MP: 1/5
  1030 | D:2      | Learned a level 2 spell: Ensorcelled Hibernation
  1056 | D:2      | Reached skill level 5 in Hexes
  1276 | D:2      | Reached XP level 3. HP: 22/24 MP: 6/6
  1478 | D:2      | Reached skill level 1 in Ice Magic
  2089 | D:3      | Gained mutation: Your body sometimes deteriorates upon
                  | taking damage. [potion of mutation]
  2089 | D:3      | Gained mutation: You are partially covered in slimy green
                  | scales. (AC +2) [potion of mutation]
  2089 | D:3      | Gained mutation: Your flesh is cold resistant. (rC+)
                  | [potion of mutation]
  2089 | D:3      | Slain by a shadow imp

Levels and vault maps discovered:
D:1:      dpeg_arrival_boxorama, layout_basic, serial_corexii_hall,
          chequers_hall_statues_wall_a, corexii_hall_statues_u,
          corexii_hall_statues_x, chequers_hall_statues_wall_a,
          chequers_hall_statues_corner_a, corexii_hall_statues_t, st_stairs_6,
          minmay_statues_item
D:2:      layout_loops_ring
D:3:      layout_basic

Skill      XL: |  1  2  3 |
---------------+----------+-----
Stealth        | 5 |  5.5
Hexes          | 5 |  5.7
Ice Magic      | 1 |  1.6
Short Blades   | |  1.1
Dodging        | |  2.1
Spellcasting   | |  2.0

Action                   || total
-------------------------++-------
Melee: Dagger            ||   134
       Bite              ||     9
 Cast: Corona            ||    28
       Ensorcelled Hiber ||     5
  Use: Potion            ||     4
       Scroll            ||     2
 Stab: Sleeping          ||     8
Armor: Robe              ||    32
Dodge: Dodged            ||    85
